AoeStats
← Chuleta

Arena

509786547Analyzed
4v4 RM · 5d ago on Sep 28, 2026· 95m 28s· 8 players
Game mode
Random Map
Map size
Large (8 player)
Population
200
Speed
Normal
Resources
Standard
Victory
Conquest
Starting age
Dark Age
Ending age
Imperial Age
RankedLock teamsTeams togetherTeam positionsShared explorationLock speedFull tech treeHidden civsTurbo modeCheats
Victory
Defeat
🇵🇪 Spanish · Peru
1367
+16
🇧🇴 Cumans · Bolivia
1322
+18
🇧🇷 Danes · Brazil
1306
+18
🇦🇷 Bohemians · Argentina
1221
+22
🇧🇷 Goths · Brazil
1533
-26
🇧🇷 Celts · Brazil
1457
-22
🇧🇷 Bohemians · Brazil
1301
-16
🇧🇷 Italians · Brazil
1141
-10
ZePablo
10:31 Feudal Age
11:22 Loom
14:29 Castle Age
16:00 Double-Bit Axe
20:07 Arson
27:55 Wheelbarrow
31:25 Imperial Age
30:08 Gambesons
30:24 Squires
30:28 Scale Mail Armor
31:02 Bow Saw
30:53 Horse Collar
32:23 Heavy Plow
35:01 Gold Mining
35:32 Fletching
35:42 Padded Archer Armor
36:04 Heavy Mounted Crossbowman
36:48 Husbandry
36:56 Bodkin Arrow
37:16 Leather Archer Armor
37:47 Ballistics
37:42 Thumb Ring
39:43 Chemistry
38:45 Bracer
39:00 Leather Archer Armor
38:26 Cranequins
39:39 Bloodlines
41:06 Leather Archer Armor
40:40 Man-at-Arms
41:48 Long Swordsman
42:46 Chain Mail Armor
42:41 Forging
43:05 Ring Archer Armor
43:32 Two-Handed Swordsman
43:34 Hamask
44:35 Conscription
44:21 Champion
45:34 Plate Mail Armor
45:39 Iron Casting
48:56 Blast Furnace
49:53 Elite Jomsviking
60:01 Caravan
70:31 Pikeman
71:55 Elite Skirmisher
73:18 Halberdier
77:19 Northmen's Fury
77:45 Elite Varangian Guard
86:13 Siege Engineers
86:12 Capped Ram
87:21 Siege Ram
Chuleta
7:09 Loom
9:58 Feudal Age
14:40 Castle Age
14:10 Double-Bit Axe
18:57 Bow Saw
24:31 Imperial Age
24:05 Chemistry
23:26 Horse Collar
25:02 Heavy Plow
29:56 Two-Man Saw
32:14 Wheelbarrow
34:04 Hand Cart
34:07 Siege Engineers
36:01 Houfnice
37:03 Scale Barding Armor
38:45 Forging
39:26 Chain Barding Armor
38:45 Cavalier
39:26 Husbandry
41:11 Iron Casting
44:41 Blast Furnace
48:04 Light Cavalry
78:22 Scale Mail Armor
80:32 Chain Mail Armor
82:08 Plate Mail Armor
81:02 Pikeman
81:45 Squires
82:02 Halberdier
82:28 Arson
Codiman
9:07 Feudal Age
10:21 Double-Bit Axe
10:18 Horse Collar
16:36 Loom
19:33 Wheelbarrow
19:43 Wheelbarrow
18:53 Town Watch
22:50 Castle Age
20:51 Gold Mining
21:14 Forging
23:23 Scale Mail Armor
23:29 Scale Barding Armor
24:35 Iron Casting
24:21 Fletching
25:04 Chain Mail Armor
25:12 Chain Barding Armor
25:27 Bow Saw
25:42 Bloodlines
24:52 Light Cavalry
26:02 Capped Ram
26:50 Bodkin Arrow
29:11 Man-at-Arms
29:11 Pikeman
29:52 Squires
29:37 Arson
30:09 Long Swordsman
30:51 Padded Archer Armor
35:50 Hand Cart
38:38 Imperial Age
38:41 Two-Handed Swordsman
40:03 Plate Mail Armor
41:29 Blast Furnace
41:00 Champion
43:56 Leather Archer Armor
45:11 Ring Archer Armor
44:05 Halberdier
45:52 Cavalier
45:54 Hussar
48:15 Plate Barding Armor
47:47 Paladin
57:16 Caravan
66:03 Siege Ram
Caramandunga robada
9:24 Feudal Age
14:24 Castle Age
12:51 Double-Bit Axe
13:53 Horse Collar
15:35 Bow Saw
15:42 Loom
17:29 Wheelbarrow
17:19 Fervor
18:56 Heavy Plow
23:24 Hand Cart
25:03 Sanctity
24:55 Redemption
25:44 Forging
25:39 Scale Barding Armor
25:50 Town Watch
27:10 Iron Casting
26:49 Stone Mining
26:50 Gold Mining
27:47 Bloodlines
27:37 Husbandry
28:50 Chain Barding Armor
30:35 Atonement
30:36 Devotion
32:31 Town Patrol
36:03 Imperial Age
36:41 Heavy Mounted Crossbowman
37:39 Elite Skirmisher
39:24 Blast Furnace
39:01 Plate Barding Armor
39:00 Ballistics
39:49 Chemistry
39:22 Fletching
39:33 Padded Archer Armor
38:55 Cavalier
41:14 Two-Man Saw
41:37 Stone Shaft Mining
40:56 Cavalier
43:37 Bodkin Arrow
43:57 Leather Archer Armor
43:35 Light Cavalry
45:38 Light Cavalry
47:10 Bracer
47:41 Ring Archer Armor
46:40 Hussar
47:44 Conscription
58:49 Masonry
66:45 Caravan
92:58 Paladin
AeroLag
10:04 Feudal Age
10:32 Double-Bit Axe
10:29 Horse Collar
15:49 Castle Age
17:25 Bow Saw
18:44 Wheelbarrow
22:23 Hand Cart
22:01 Loom
25:27 Town Watch
27:18 Gold Mining
30:36 Imperial Age
28:15 Scale Mail Armor
28:25 Forging
27:51 Pikeman
28:32 Squires
29:32 Chain Mail Armor
30:25 Iron Casting
30:11 Man-at-Arms
32:02 Conscription
31:14 Halberdier
33:16 Blast Furnace
32:16 Long Swordsman
32:53 Two-Handed Swordsman
33:49 Perfusion
33:50 Champion
34:47 Heavy Plow
37:00 Two-Man Saw
36:23 Elite Huskarl
38:32 Crop Rotation
38:24 Anarchy
41:46 Caravan
82:53 Chemistry
84:50 Padded Archer Armor
pretobemsucedido
3:10 Loom
10:39 Feudal Age
12:01 Double-Bit Axe
17:00 Castle Age
16:02 Loom
17:48 Stone Mining
23:13 Horse Collar
27:16 Fletching
31:41 Imperial Age
29:48 Wheelbarrow
30:23 Town Watch
35:12 Imperial Age
33:28 Crossbowman
34:14 Thumb Ring
34:28 Padded Archer Armor
52:22 Thumb Ring
54:41 Hand Cart
57:27 Chemistry
56:48 Ballistics
55:51 Elite Skirmisher
55:56 Light Cavalry
57:09 Arbalester
59:24 Bodkin Arrow
59:40 Forging
59:33 Scale Mail Armor
60:10 Masonry
67:58 Capped Ram
68:56 Bloodlines
68:47 Husbandry
72:19 Squires
73:10 Pikeman
80:09 Iron Casting
80:50 Bow Saw
81:09 Arson
82:21 Bracer
85:50 Blast Furnace
85:07 Leather Archer Armor
87:42 Chain Mail Armor
89:02 Caravan
91:55 Town Watch
AXEL2904
10:40 Feudal Age
11:38 Double-Bit Axe
12:03 Horse Collar
14:32 Castle Age
15:29 Bow Saw
15:19 Heavy Plow
23:42 Wheelbarrow
23:42 Loom
24:50 Hand Cart
25:09 Gold Mining
25:09 Stone Mining
26:59 Gold Shaft Mining
26:59 Stone Shaft Mining
30:46 Imperial Age
28:33 Forging
28:28 Scale Barding Armor
28:27 Light Cavalry
29:08 Husbandry
29:27 Scale Barding Armor
30:25 Iron Casting
30:37 Chain Barding Armor
30:33 Pikeman
31:23 Scale Mail Armor
31:11 Heavy Scorpion
32:13 Conscription
33:25 Blast Furnace
32:16 Halberdier
33:20 Ballistics
34:01 Chemistry
33:35 Chain Mail Armor
33:57 Siege Engineers
34:25 Fortified Wall
34:58 Furor Celtica
35:12 Hussar
36:51 Plate Mail Armor
37:13 Masonry
38:32 Arson
38:26 Capped Ram
40:47 Coinage
41:02 Stronghold
41:04 Guard Tower
41:00 Arrowslits
41:29 Fletching
43:44 Keep
44:42 Bodkin Arrow
46:26 Hoardings
46:08 Siege Ram
48:37 Caravan
59:50 Guilds
59:35 Onager
62:24 Siege Onager
63:42 Man-at-Arms
64:07 Gambesons
64:09 Long Swordsman
64:53 Two-Handed Swordsman
65:56 Champion
74:28 Murder Holes
Felinha
10:47 Feudal Age
15:05 Castle Age
13:14 Double-Bit Axe
13:17 Horse Collar
16:34 Bow Saw
18:40 Loom
24:17 Town Watch
25:59 Wheelbarrow
29:49 Imperial Age
29:18 Chemistry
30:06 Fletching
35:45 Squires
48:05 Fervor
50:00 Hand Cart
52:12 Padded Archer Armor
51:46 Elite Skirmisher
52:16 Arson
52:27 Pikeman
53:45 Halberdier
56:30 Scale Mail Armor
57:45 Forging
57:50 Leather Archer Armor
58:56 Chain Mail Armor
60:38 Iron Casting
Connection lost

Rejoining the realm…

Still unreachable

The connection could not be restored.

Session expired

The server has moved on; the page needs a fresh start.